AoeStats
← AmbassadorKaifa

MegaRandom

509359434Analyzed
4v4 RM · 6d ago on Sep 26, 2026· 41m 54s· 8 players
Game mode
Random Map
Map size
Large (8 player)
Population
200
Speed
Normal
Resources
Standard
Victory
Conquest
Starting age
Dark Age
Ending age
Imperial Age
RankedLock teamsTeams togetherTeam positionsShared explorationLock speedFull tech treeHidden civsTurbo modeCheats
Victory
Defeat
🇷🇺 Mapuche · Russia
1025
+16
🇫🇷 Byzantines · France
1011
+17
🇹🇼 Turks · Taiwan
983
+18
🇬🇧 Britons · United Kingdom
982
+18
🇭🇰 Berbers · Hong Kong SAR China
1073
-19
🇨🇳 Persians · China
1051
-53
🇨🇳 Koreans · China
1000
-48
🇨🇳 Dravidians · China
1000
-48
AmbassadorKaifa
12:21 Feudal Age
11:28 Loom
13:39 Double-Bit Axe
17:48 Castle Age
15:40 Fletching
16:24 Gold Mining
16:17 Horse Collar
16:30 Stone Mining
16:45 Padded Archer Armor
18:30 Bodkin Arrow
19:27 Wheelbarrow
26:44 Ballistics
33:10 Hand Cart
32:40 Town Watch
34:01 Heavy Plow
38:49 Imperial Age
37:22 Bow Saw
36:52 Elite Skirmisher
38:55 Gold Shaft Mining
39:08 Elite Bolas Rider
40:10 Leather Archer Armor
41:23 Crop Rotation
41:05 Capped Ram
43:05 Chemistry
42:10 Siege Engineers
Felray
4:55 Loom
12:24 Feudal Age
13:01 Horse Collar
13:08 Double-Bit Axe
22:40 Castle Age
25:18 Wheelbarrow
24:42 Stone Mining
24:44 Gold Mining
25:06 Bow Saw
25:37 Husbandry
25:48 Scale Barding Armor
25:54 Forging
25:46 Scale Mail Armor
26:41 Stone Shaft Mining
26:14 Heavy Plow
28:09 Hand Cart
32:50 Gold Shaft Mining
32:53 Stone Shaft Mining
34:58 Imperial Age
33:14 Iron Casting
33:01 Chain Barding Armor
34:21 Murder Holes
34:09 Treadmill Crane
35:03 Heavy Camel Rider
36:55 Plate Barding Armor
36:52 Crop Rotation
37:25 Two-Man Saw
37:30 Chain Mail Armor
37:28 Elite Cataphract
39:49 Conscription
40:05 Hoardings
40:51 Plate Mail Armor
43:12 Chemistry
42:33 Ballistics
42:24 Fortified Wall
Black Kite
3:57 Loom
13:57 Feudal Age
16:01 Wheelbarrow
15:48 Horse Collar
18:37 Castle Age
17:13 Double-Bit Axe
19:49 Forging
20:44 Town Watch
24:05 Gold Mining
24:41 Town Patrol
27:01 Heavy Plow
27:43 Hand Cart
28:28 Gold Shaft Mining
28:31 Bow Saw
29:06 Stone Mining
33:19 Bloodlines
33:12 Padded Archer Armor
33:48 Iron Casting
33:59 Husbandry
36:34 Imperial Age
35:11 Scale Barding Armor
35:36 Ballistics
34:59 Treadmill Crane
38:06 Conscription
37:48 Artillery
Alex
12:46 Loom
14:45 Feudal Age
15:03 Man-at-Arms
15:29 Arson
19:05 Castle Age
18:01 Double-Bit Axe
18:16 Stone Mining
19:38 Gold Mining
19:31 Horse Collar
20:04 Bow Saw
20:36 Heavy Plow
22:57 Fletching
23:40 Bodkin Arrow
24:27 Gold Shaft Mining
25:26 Padded Archer Armor
25:03 Pikeman
25:48 Scale Mail Armor
27:06 Chain Mail Armor
30:12 Yeomen
31:47 Ballistics
37:51 Imperial Age
36:23 Leather Archer Armor
37:57 Elite Longbowman
38:59 Conscription
39:24 Bracer
39:55 Ring Archer Armor
40:28 Chemistry
41:10 Wheelbarrow
Lovestory
2:14 Loom
14:53 Feudal Age
14:59 Man-at-Arms
20:46 Wheelbarrow
31:12 Horse Collar
34:21 Arson
devil
16:18 Feudal Age
16:24 Man-at-Arms
21:01 Wheelbarrow
28:49 Castle Age
28:59 Light Cavalry
39:05 Elite Skirmisher
晚安玛卡巴卡
11:28 Feudal Age
15:12 Castle Age
13:06 Horse Collar
13:12 Double-Bit Axe
17:40 Wheelbarrow
17:36 Bow Saw
23:19 Loom
24:25 Scale Barding Armor
25:00 Bloodlines
25:44 Forging
25:38 Husbandry
26:49 Hand Cart
29:18 Stone Mining
29:18 Gold Mining
31:28 Chain Barding Armor
31:43 Iron Casting
30:59 Fletching
31:10 Padded Archer Armor
33:59 Imperial Age
32:04 Town Watch
33:22 Ballistics
34:22 Elite Camel Archer
36:07 Chemistry
35:03 Bodkin Arrow
35:46 Conscription
36:47 Bracer
37:39 Leather Archer Armor
36:53 Capped Ram
38:44 Blast Furnace
40:11 Ring Archer Armor
HappyWife
10:56 Feudal Age
12:08 Wheelbarrow
13:20 Double-Bit Axe
14:50 Horse Collar
21:27 Man-at-Arms
28:54 Castle Age
29:18 Gold Mining
29:58 Hand Cart
29:47 Heavy Plow
30:02 Bow Saw
41:44 Scale Barding Armor
41:53 Forging
Connection lost

Rejoining the realm…

Still unreachable

The connection could not be restored.

Session expired

The server has moved on; the page needs a fresh start.